Map: Kairos Junction LE

Players

Bly - Winner!

  • Race: Zerg Zerg
  • Spawn Location: 5:00

Mixu

  • Race: Zerg Zerg
  • Spawn Location: 11:00

Event: 2019 WCS Summer

VOD

Have the link to the VOD?

Description

Time

  • Played on: July 12, 2019, 6:12 a.m.
  • Length: 6:23

All games in this series

Show
View Real Time Build Order
Export as new Build Order

Bly Zerg - Winner!

Build Orders: Pool First 

Get SALT Encoding   

  12  0:17  Spawning Pool  
  11  0:22  Drone  
  11  0:27  Drone  
  13  0:32  Drone  
  14  0:41  Overlord  
  15  1:04  Zergling x4  
  15  1:05  Zergling x2  
  17  1:15  Zergling x2  
  17  1:18  Hatchery  
  17  1:26  Zergling x2  
  18  1:33  Queen  
  18  1:38  Zergling x2  
  21  1:47  Overlord  
  21  1:59  Drone  
  22  2:09  Drone, Queen  
  25  2:21  Drone  
  25  2:33  Drone x2  
  25  2:34  Queen  
  29  2:41  Drone x3  
  29  2:59  Drone x3  
  29  3:04  Drone x2  
  32  3:10  Extractor  
  31  3:13  Overlord  
  31  3:22  Zergling x4  
  31  3:23  Drone x2  
  31  3:24  Drone  
  31  3:25  Overlord  
  36  3:33  Drone x2  
  36  3:34  Drone  
  39  3:45  Drone x4  
  43  3:49  Extractor  
  43  3:54  Evolution Chamber  
  43  3:55  Roach Warren  
  40  3:58  Drone x2  
  40  3:59  Drone  
  43  4:03  Overlord  
  43  4:08  Drone x3  
  45  4:11  Extractor  
  43  4:17  Lair  
  43  4:19  Drone x2  
  43  4:23  Overlord  
  45  4:26  Drone  
  45  4:30  Drone  
  47  4:42  Drone  
  47  4:44  Drone x3  
  51  4:46  Extractor, Roach x3  
  51  4:50  Roach x2  
  60  4:55  Roach x2  
  64  5:02  Overlord  
  64  5:16  Overseer  
  64  5:19  Overlord  
  64  5:20  Overlord  
  64  5:23  Drone  
  64  5:24  Roach x2  
  69  5:31  Roach x3  
  69  5:33  Hatchery  
  74  5:39  Roach x2  
  78  5:46  Roach x4  
  86  5:56  Roach x3  
  92  5:58  Overlord  
  92  6:00  Overlord  
Show
View Real Time Build Order
Export as new Build Order

Mixu Zerg 

Build Orders: Hatch First 

Get SALT Encoding   

  12  0:00  Drone  
  13  0:12  Overlord  
  13  0:18  Drone  
  14  0:31  Drone x2  
  16  0:51  Hatchery  
  16  0:52  Drone  
  16  0:55  Drone  
  17  1:10  Spawning Pool  
  16  1:14  Drone, Extractor  
  16  1:18  Drone  
  17  1:21  Drone  
  18  1:28  Drone  
  19  1:40  Drone  
  20  1:52  Overlord  
  20  1:58  Queen  
  22  2:02  Queen  
  22  2:03  Zergling x4  
  26  2:14  Zergling x2  
  27  2:17  Zergling x2  
  25  2:33  Zergling x2  
  24  2:58  Drone x2  
  24  3:08  Drone  
  25  3:13  Drone  
  25  3:15  Drone  
  27  3:22  Overlord  
  27  3:25  Drone  
  28  3:37  Lair  
  28  3:41  Drone x3  
  30  3:42  Drone  
  30  3:47  Evolution Chamber  
  30  3:58  Drone  
  30  3:59  Drone, Roach Warren  
  31  4:05  Drone x2  
  31  4:08  Drone x2  
  35  4:10  Drone  
  36  4:24  Overlord  
  36  4:33  Overlord  
  36  4:42  Queen x2  
  36  4:44  Glial Reconstitution  
  40  4:47  Extractor  
  39  4:56  Drone x5  
  39  4:58  Overlord x2  
  44  5:14  Overlord  
  44  5:17  Roach x3  
  44  5:19  Queen, Roach  
  54  5:23  Roach  
  54  5:28  Roach  
  58  5:30  Queen  
  58  5:32  Overlord  
  60  5:36  Roach  
  60  5:39  Roach  
  64  5:48  Roach x2  
  68  5:53  Roach  
  70  5:59  Roach  
  70  6:00  Overlord  
Tags
 
Add a new tag
Caveats
  • Supply blocks, unpowered buildings, or Contaminate may cause inaccurate times.
  • Supply counts are checked every 10 seconds.